APP
BILLINGS MUSTANGS @ SAN DIEGO (APP) PADRES
08/23/2048
 
TOP OF THE 1ST
Billings Mustangs batting - Pitching for San Diego (APP) Padres : RHP Brice MacKenzie
Pitching: RHP Brice MacKenzie
Batting: RHB Alex de Leon 0-0: Ball
1-0: Called Strike
1-1: Foul Ball, location: 2F
1-2: Ball
2-2: Ball
3-2: Base on Balls
Batting: RHB Alex Juarez 0-0: Ball
Alex de Leon steals 2nd base (no throw)
1-0: Ball
2-0: Called Strike
2-1: Ball
3-1: Swinging Strike
3-2: Base on Balls
Batting: SHB David Garnica 0-0: Foul Ball, location: 2F
0-1: Called Strike
0-2: Ball
1-2: Ball
2-2: Foul Ball, location: 2F
2-2: Ball
3-2: Fly out, F8 (Flyball, 78M, EV 88.8 MPH)
Batting: RHB Alex Villagomez 0-0: Ball
1-0: SINGLE (Groundball, 56D, EV 104.4 MPH)
Alex de Leon to third
Alex Juarez to second
Runner from 3rd tries for Home, SAFE, throw by LF to home
Batting: SHB Jaivata Mohanty 0-0: Swinging Strike
0-1: Called Strike
0-2: Foul Ball, location: 2F
0-2: Ball
1-2: Strikes out swinging
Batting: RHB Gabriel Arias 0-0: Called Strike
0-1: Ball
1-1: Ball
2-1: Called Strike
2-2: Ground out 4-3 (Groundball, 4, EV 88.1 MPH)
Top of the 1st over - 1 run, 1 hit, 0 errors, 2 left on base; Billings 1 - San Diego (APP) 0
BOTTOM OF THE 1ST
San Diego (APP) Padres batting - Pitching for Billings Mustangs : RHP David Alferez
Pitching: RHP David Alferez
Batting: RHB Elias Vences 0-0: Ball
1-0: Called Strike
1-1: Swinging Strike
1-2: SINGLE (Line Drive, 78M, EV 101.9 MPH)
Batting: RHB Victor Contreras Balk!
Elias Vences to second
0-0: SINGLE (Groundball, 56D, EV 101.2 MPH)
Elias Vences to third
Runner from 3rd tries for Home, SAFE, throw by LF to home
Batting: RHB Devon Dill 0-0: Grounds into double play, 4-6-3 (Groundball, 4, EV 90.6 MPH)
Batting: RHB Yuusei Narita 0-0: Ball
1-0: Ball
2-0: Fly out, F6 (Flyball, 6MD, EV 85.0 MPH)
Bottom of the 1st over - 1 run, 2 hits, 0 errors, 0 left on base; Billings 1 - San Diego (APP) 1
TOP OF THE 2ND
Billings Mustangs batting - Pitching for San Diego (APP) Padres : RHP Brice MacKenzie
Batting: RHB Will Trudeau 0-0: Fly out, F7 (Flyball, 7, EV 84.4 MPH)
Batting: RHB Omar Garce 0-0: Ball
1-0: Called Strike
1-1: Called Strike
1-2: Strikes out swinging
Batting: LHB Alex Ramos 0-0: Called Strike
0-1: Swinging Strike
0-2: Strikes out swinging
Top of the 2nd over - 0 runs, 0 hits, 0 errors, 0 left on base; Billings 1 - San Diego (APP) 1
BOTTOM OF THE 2ND
San Diego (APP) Padres batting - Pitching for Billings Mustangs : RHP David Alferez
Batting: LHB Justin Daley 0-0: Swinging Strike
0-1: SOLO HOME RUN (Flyball, 9D, EV 99.4 MPH), Distance : 395 ft
Batting: RHB Alex Collazo 0-0: Ball
1-0: Ball
2-0: Ball
3-0: Base on Balls
Batting: LHB Ramon Padilla 0-0: Called Strike
0-1: Ball
1-1: DOUBLE (Line Drive, 89D, EV 107.5 MPH)
Alex Collazo to third
Batting: SHB Shawnie Codbucket 0-0: Ground out 4-3 (Groundball, 4S, EV 80.6 MPH)
Alex Collazo scores
Ramon Padilla to third
Batting: SHB Yu-hsui Lew 0-0: Ball
1-0: Foul Ball, location: 2F
1-1: Ball
2-1: Ball
3-1: Base on Balls
Batting: RHB Elias Vences 0-0: Called Strike
0-1: Ball
Yu-hsui Lew steals 2nd base (no throw)
1-1: SINGLE (Line Drive, 9S, EV 94.4 MPH)
Ramon Padilla scores
Yu-hsui Lew to third
Runner from 3rd tries for Home, SAFE, throw by RF to home
Batting: RHB Victor Contreras 0-0: Ball
1-0: SINGLE (Groundball, 34D, EV 100.0 MPH)
Elias Vences to second
Runner from 2nd tries for 3rd, SAFE, throw by RF made to third
Pitching: RHP Jeff Buchanan
Batting: RHB Devon Dill 0-0: Ground out 5-3 (Groundball, 56S, EV 89.4 MPH)
Elias Vences scores
Victor Contreras to second
Batting: RHB Yuusei Narita 0-0: Ground out 6-3 (Groundball, 6S, EV 92.5 MPH)
Bottom of the 2nd over - 5 runs, 4 hits, 0 errors, 1 left on base; Billings 1 - San Diego (APP) 6
TOP OF THE 3RD
Billings Mustangs batting - Pitching for San Diego (APP) Padres : RHP Brice MacKenzie
Batting: RHB Alex de Leon 0-0: Ball
1-0: Called Strike
1-1: Ball
2-1: SINGLE (Line Drive, 4MD, EV 97.5 MPH)
Batting: RHB Alex Juarez 0-0: Called Strike
0-1: Fly out, F7 (Flyball, 7D, EV 81.9 MPH)
Batting: SHB David Garnica 0-0: Called Strike
Alex de Leon steals 2nd base
0-1: Swinging Strike
0-2: Ball
1-2: Foul Ball, location: 2F
1-2: Ball
2-2: Ball
3-2: Strikes out swinging
Batting: RHB Alex Villagomez 0-0: DOUBLE (Flyball, 78D, EV 101.2 MPH)
Alex de Leon scores
Batting: SHB Jaivata Mohanty 0-0: Ball
1-0: Ball
2-0: Called Strike
Passed Ball!
Alex Villagomez to third
2-1: Ball
3-1: Base on Balls
Batting: RHB Gabriel Arias 0-0: Called Strike
0-1: Foul Ball, location: 2F
0-2: Ball
1-2: Strikes out swinging
Top of the 3rd over - 1 run, 2 hits, 0 errors, 2 left on base; Billings 2 - San Diego (APP) 6
BOTTOM OF THE 3RD
San Diego (APP) Padres batting - Pitching for Billings Mustangs : RHP Jeff Buchanan
Batting: LHB Justin Daley 0-0: Ball
1-0: Foul Ball, location: 2F
1-1: Ball
2-1: Ball
3-1: SINGLE (Line Drive, 89M, EV 88.8 MPH)
Batting: RHB Alex Collazo 0-0: Ball
1-0: 2-RUN HOME RUN (Flyball, 78XD, EV 103.8 MPH), Distance : 408 ft
Batting: LHB Ramon Padilla 0-0: Ball
1-0: Called Strike
1-1: SINGLE (Groundball, 56D, EV 106.9 MPH) (infield hit)
Batting: SHB Shawnie Codbucket 0-0: Called Strike
0-1: Foul Ball, location: 2F
0-2: Strikes out swinging
Batting: SHB Yu-hsui Lew 0-0: Ground out U3 (Groundball, 3S, EV 59.4 MPH)
Ramon Padilla to second
Batting: RHB Elias Vences 0-0: Called Strike
0-1: Ball
1-1: Ball
2-1: Called Strike
2-2: Ball
3-2: Base on Balls
Batting: RHB Victor Contreras 0-0: Ground out 4-3 (Groundball, 34, EV 81.9 MPH)
Bottom of the 3rd over - 2 runs, 3 hits, 0 errors, 2 left on base; Billings 2 - San Diego (APP) 8
TOP OF THE 4TH
Billings Mustangs batting - Pitching for San Diego (APP) Padres : RHP Brice MacKenzie
Batting: RHB Will Trudeau 0-0: Fly out, F7 (Flyball, 7S, EV 83.8 MPH)
Batting: RHB Omar Garce 0-0: Ball
1-0: Ball
2-0: Swinging Strike
2-1: Swinging Strike
2-2: Strikes out swinging
Batting: LHB Alex Ramos 0-0: Ball
1-0: Foul Ball, location: 2F
1-1: Foul Ball, location: 2F
1-2: Strikes out swinging
Top of the 4th over - 0 runs, 0 hits, 0 errors, 0 left on base; Billings 2 - San Diego (APP) 8
BOTTOM OF THE 4TH
San Diego (APP) Padres batting - Pitching for Billings Mustangs : RHP Jeff Buchanan
Batting: RHB Devon Dill 0-0: Ball
1-0: Foul Ball, location: 2F
1-1: Foul Ball, location: 2F
1-2: Ball
2-2: Foul Ball, location: 2F
2-2: Ball
3-2: Base on Balls
Pitching: LHP Gabe Alcantara
Batting: RHB Yuusei Narita 0-0: Ball
1-0: Ball
2-0: Ball
3-0: Called Strike
3-1: Called Strike
3-2: Base on Balls
Devon Dill to second
Batting: LHB Justin Daley 0-0: Swinging Strike
0-1: Swinging Strike
0-2: Ball
1-2: Strikes out looking
Batting: RHB Alex Collazo 0-0: Ball
1-0: Ball
2-0: Ball
3-0: Base on Balls
Devon Dill to third
Yuusei Narita to second
Batting: LHB Ramon Padilla 0-0: Ball
1-0: Fielders Choice at 2nd, 4-6 (Groundball, 34D, EV 77.5 MPH)
Devon Dill scores
Yuusei Narita to third
Batting: SHB Shawnie Codbucket 0-0: Foul Ball, location: 2F
0-1: Ball
1-1: Swinging Strike
1-2: Ball
2-2: Strikes out swinging
Bottom of the 4th over - 1 run, 0 hits, 0 errors, 2 left on base; Billings 2 - San Diego (APP) 9
TOP OF THE 5TH
Billings Mustangs batting - Pitching for San Diego (APP) Padres : RHP Brice MacKenzie
Batting: RHB Alex de Leon 0-0: DOUBLE (Flyball, 9D, EV 105.6 MPH)
Batting: RHB Alex Juarez 0-0: Foul Ball, location: 2F
0-1: DOUBLE (Groundball, 5L, EV 95.6 MPH)
Alex de Leon scores
Batting: SHB David Garnica 0-0: Ball
1-0: Foul Ball, location: 2F
1-1: Foul Ball, location: 2F
1-2: Foul Ball, location: 2F
1-2: Ball
2-2: Ground out U3 (Groundball, 3, EV 95.6 MPH)
Alex Juarez to third
Batting: RHB Alex Villagomez 0-0: Ball
1-0: Called Strike
1-1: Ball
2-1: Ground out 6-3 (Groundball, 6, EV 106.2 MPH)
Alex Juarez scores
Batting: SHB Jaivata Mohanty 0-0: Called Strike
0-1: Foul Ball, location: 2F
0-2: Ball
1-2: Ball
2-2: Fly out, F8 (Line Drive, 8RM, EV 98.8 MPH)
Top of the 5th over - 2 runs, 2 hits, 0 errors, 0 left on base; Billings 4 - San Diego (APP) 9
BOTTOM OF THE 5TH
San Diego (APP) Padres batting - Pitching for Billings Mustangs : LHP Gabe Alcantara
Batting: SHB Yu-hsui Lew 0-0: Ball
1-0: Ball
2-0: Called Strike
2-1: Foul Ball, location: 2F
2-2: Foul Ball, location: 2F
2-2: Ground out U3 (Groundball, 3, EV 83.8 MPH)
Batting: RHB Elias Vences 0-0: Ball
1-0: Ball
2-0: Called Strike
2-1: Ball
3-1: Ground out 6-3 (Groundball, 6MS, EV 82.5 MPH)
Batting: RHB Victor Contreras 0-0: Called Strike
0-1: Ball
1-1: Ball
2-1: SOLO HOME RUN (Flyball, 89XD, EV 106.9 MPH), Distance : 416 ft
Batting: RHB Devon Dill 0-0: Foul Ball, location: 2F
0-1: Called Strike
0-2: Ball
1-2: Foul Ball, location: 2F
1-2: Ball
2-2: Ground out 4-3 (Groundball, 4M, EV 110.0 MPH)
Bottom of the 5th over - 1 run, 1 hit, 0 errors, 0 left on base; Billings 4 - San Diego (APP) 10
TOP OF THE 6TH
Billings Mustangs batting - Pitching for San Diego (APP) Padres : RHP Brice MacKenzie
Pitching: RHP Mason Broderick
Batting: RHB Gabriel Arias 0-0: Ball
1-0: Ball
2-0: Foul Ball, location: 2F
2-1: Ball
3-1: Fly out, F3 (Line Drive, 3, EV 70.6 MPH)
Batting: RHB Will Trudeau 0-0: Foul Ball, location: 2F
0-1: Swinging Strike
0-2: Strikes out swinging
Batting: RHB Omar Garce 0-0: Ball
1-0: Swinging Strike
1-1: Ball
2-1: Ground out 6-3 (Groundball, 6M, EV 85.0 MPH)
Top of the 6th over - 0 runs, 0 hits, 0 errors, 0 left on base; Billings 4 - San Diego (APP) 10
BOTTOM OF THE 6TH
San Diego (APP) Padres batting - Pitching for Billings Mustangs : LHP Gabe Alcantara
Pitching: RHP Cortez Restrepo
Batting: RHB Yuusei Narita 0-0: Ball
1-0: Called Strike
1-1: SINGLE (Line Drive, 9LS, EV 88.1 MPH)
Batting: LHB Justin Daley 0-0: Called Strike
0-1: Fly out, F9 (Flyball, 9, EV 86.9 MPH)
Batting: RHB Alex Collazo 0-0: Ball
1-0: Called Strike
1-1: Fly out, F4 (Popup, 34, EV 75.6 MPH)
Batting: LHB Ramon Padilla 0-0: Called Strike
0-1: Ball
1-1: Fly out, F8 (Flyball, 8RXD, EV 95.0 MPH)
Bottom of the 6th over - 0 runs, 1 hit, 0 errors, 1 left on base; Billings 4 - San Diego (APP) 10
TOP OF THE 7TH
Billings Mustangs batting - Pitching for San Diego (APP) Padres : RHP Mason Broderick
Batting: LHB Alex Ramos 0-0: Called Strike
0-1: Ground out 6-3 (Groundball, 6, EV 85.0 MPH)
Batting: RHB Alex de Leon 0-0: Called Strike
0-1: Called Strike
0-2: Ball
1-2: Ball
2-2: Ball
3-2: Base on Balls
Batting: RHB Alex Juarez 0-0: Foul Ball, location: 2F
0-1: Ball
1-1: Grounds into double play, 6-4-3 (Groundball, 6, EV 86.2 MPH)
Top of the 7th over - 0 runs, 0 hits, 0 errors, 0 left on base; Billings 4 - San Diego (APP) 10
BOTTOM OF THE 7TH
San Diego (APP) Padres batting - Pitching for Billings Mustangs : RHP Cortez Restrepo
Batting: SHB Shawnie Codbucket 0-0: Ball
1-0: Ball
2-0: Called Strike
2-1: Ground out 5-3 (Groundball, 56, EV 99.4 MPH)
Batting: SHB Yu-hsui Lew 0-0: SOLO HOME RUN (Flyball, 7D, EV 97.5 MPH), Distance : 373 ft
Batting: RHB Elias Vences 0-0: Ball
1-0: Fly out, F3 (Popup, 34S, EV 85.0 MPH)
Batting: RHB Victor Contreras 0-0: Called Strike
0-1: Foul Ball, location: 2F
0-2: Ball
1-2: Hit by Pitch
Pitching: RHP Bayani Blanco
Batting: RHB Devon Dill 0-0: Ball
1-0: Ball
2-0: Ball
3-0: Foul Ball, location: 2F
3-1: Base on Balls
Victor Contreras to second
Batting: RHB Yuusei Narita 0-0: Ball
1-0: Ball
2-0: Fly out, F9 (Flyball, 9, EV 85.6 MPH)
Bottom of the 7th over - 1 run, 1 hit, 0 errors, 2 left on base; Billings 4 - San Diego (APP) 11
TOP OF THE 8TH
Billings Mustangs batting - Pitching for San Diego (APP) Padres : RHP Mason Broderick
Pinch Hitting: LHB Martin Koka 0-0: Swinging Strike
0-1: DOUBLE (Flyball, 78XD, EV 90.0 MPH)
Batting: RHB Alex Villagomez 0-0: Called Strike
0-1: Swinging Strike
0-2: Strikes out swinging
Pinch Hitting: SHB Gustavo Froio 0-0: Called Strike
0-1: Swinging Strike
0-2: SINGLE (Line Drive, 34D, EV 97.5 MPH)
Martin Koka to third
Batting: RHB Gabriel Arias 0-0: Called Strike
0-1: Foul Ball, location: 2F
0-2: Ball
1-2: Strikes out looking
Pitching: RHP Dave Waterman
Pinch Hitting: RHB Kevin Larner 0-0: Ball
1-0: Ball
2-0: Ball
3-0: Base on Balls
Gustavo Froio to second
Pinch Hitting: RHB Ben Burkholder 0-0: Ball
Wild Pitch!
Martin Koka scores
Gustavo Froio to third
Kevin Larner to second
1-0: Ball
2-0: Ball
3-0: Base on Balls
Batting: LHB Alex Ramos 0-0: Foul Ball, location: 2F
0-1: Ground out 4-3 (Groundball, 4, EV 82.5 MPH)
Top of the 8th over - 1 run, 2 hits, 0 errors, 3 left on base; Billings 5 - San Diego (APP) 11
BOTTOM OF THE 8TH
San Diego (APP) Padres batting - Pitching for Billings Mustangs : RHP Bayani Blanco
Now at 1B: Kevin Larner
Now at 3B: Gustavo Froio
Now in LF: Martin Koka
Now in CF: Ben Burkholder
Batting: LHB Justin Daley 0-0: Called Strike
0-1: Ball
1-1: Ball
2-1: DOUBLE (Line Drive, 89M, EV 99.4 MPH)
Batting: RHB Alex Collazo 0-0: Ball
1-0: Ball
2-0: Ball
3-0: Base on Balls
Batting: LHB Ramon Padilla 0-0: Foul Ball, location: 2F
0-1: Ball
1-1: 3-RUN HOME RUN (Flyball, 7D, EV 93.1 MPH), Distance : 371 ft
Batting: SHB Shawnie Codbucket 0-0: Ball
1-0: Fly out, F8 (Flyball, 8LD, EV 107.5 MPH)
Batting: SHB Yu-hsui Lew 0-0: Ball
1-0: Ball
2-0: Ground out 4-3 (Groundball, 34D, EV 88.1 MPH)
Batting: RHB Elias Vences 0-0: Fly out, F8 (Line Drive, 8LM, EV 91.9 MPH)
Bottom of the 8th over - 3 runs, 2 hits, 0 errors, 0 left on base; Billings 5 - San Diego (APP) 14
TOP OF THE 9TH
Billings Mustangs batting - Pitching for San Diego (APP) Padres : RHP Dave Waterman
Batting: RHB Alex de Leon 0-0: Swinging Strike
0-1: Foul Ball, location: 2F
0-2: Ball
1-2: Strikes out swinging
Batting: RHB Alex Juarez 0-0: Swinging Strike
0-1: Ball
1-1: Called Strike
1-2: Ball
2-2: Ball
3-2: Strikes out swinging
Pinch Hitting: RHB Teddy Bonaddio 0-0: Called Strike
0-1: Swinging Strike
0-2: Strikes out swinging, 2-3 out at first.
Top of the 9th over - 0 runs, 0 hits, 0 errors, 0 left on base; Billings 5 - San Diego (APP) 14
Tuesday, March 28th , 2023 - OOTP Baseball 23.10 Build 110